 Dungeon Crawl Stone Soup version 0.31-a0-263-ge8cad7f256 (webtiles) character file.

Game seed: 4430068589619416193

294 qw the Shooter (level 6, -5/52 HPs)
             Began as a Minotaur Hexslinger on July 13, 2023.
             Slain by Eustachio
             ... wielding a +0 falchion
              (6 damage)
             ... on level 4 of the Dungeon.
             The game lasted 00:01:10 (2521 turns).

qw the Shooter (Minotaur Hexslinger)                Turns: 2521, Time: 00:01:10

Health: -5/52      AC:  5    Str: 13    XL:     6   Next: 11%
Magic:  6/6        EV: 11    Int: 10    God:
Gold:   194        SH:  0    Dex: 14    Spells: 6/7 levels left

rFire   . . .        c - +0 orcbow
rCold   . . .        (shield currently unavailable)
rNeg    . . .        b - +0 ring mail
rPois   .            (helmet restricted)
rElec   .            (no cloak)
rCorr   .            (no gloves)
SInv    .            (no boots)
Will    .....        (no amulet)
Stlth   +            (no ring)
HPRegen 0.28/turn    (no ring)
MPRegen 0.10/turn

%: no passive effects
@: no status effects
A: horns 2, retaliatory headbutt
a: no special abilities


You were on level 4 of the Dungeon.
You visited 1 branch of the dungeon, and saw 4 of its levels.

You collected 194 gold pieces.


Innate Abilities, Weirdness & Mutations

You have a pair of horns on your head.
You reflexively headbutt those who attack you in melee.


   Skills:
 + Level 3.6 Fighting
 - Level 6.0 Ranged Weapons
 - Level 1.8 Armour
 - Level 2.1 Dodging
 - Level 1.0 Spellcasting
 - Level 2.0 Hexes


You had 6 spell levels left.
You knew the following spells:

 Your Spells              Type           Power      Damage    Failure   Level
a - Slow                  Hex            16%        N/A       32%         1

Your spell library contained the following spells:

 Spells                   Type           Power      Damage    Failure   Level
 Inner Flame              Hex/Fire       2%         N/A       82%         3
 Portal Projectile        Hex/Tloc       4%         N/A       82%         3
 Cause Fear               Hex            2%         N/A       97%         4

Inventory:

Hand Weapons
 c - a +0 orcbow (weapon)
Armour
 b - a +0 ring mail (worn)
Scrolls
 a - a scroll of identify {unknown}
 d - a scroll of noise {unknown}
 f - a scroll of acquirement {unknown}
Potions
 e - a potion of might
 i - a potion of degeneration {unknown}
 k - a potion of curing {unknown}

Dungeon Overview and Level Annotations

Branches:
Dungeon (4/15)
 Temple: D:4-7

Altars:

Shops:
D:3 =

Annotations:
D:4 Eustachio


Message History

The quasit claws you but does no damage.
You shoot an arrow. The arrow misses the quasit.
The quokka barely misses you. The river rat bites you.
The quasit closely misses you. You furiously retaliate!
You headbutt the quasit. The quasit closely misses you.
The quasit claws you but does no damage.
Eustachio hits you with a +0 falchion! The shadow imp closely misses you.
The quokka bites you but does no damage.
You shoot an arrow. The arrow closely misses the quasit.
The quasit barely misses you. The quasit misses you. The quasit claws you.
The river rat bites you but does no damage.
The quokka bites you.
Eustachio mumbles some strange words.
The shadow imp hits you.
The quasit bites you but does no damage.
The quasit closely misses you.
The quasit claws you but does no damage.
The river rat closely misses you. You furiously retaliate!
You headbutt the river rat.
The quokka bites you but does no damage.
You shoot an arrow. The arrow misses the quasit.
The quokka disappears in a puff of smoke!
The quasit disappears in a puff of smoke!
Eustachio hits you with a +0 falchion! The shadow imp barely misses you.
You furiously retaliate!
You headbutt the shadow imp.
The quokka bites you but does no damage.
The river rat bites you but does no damage.
Eustachio hits you with a +0 falchion. The shadow imp barely misses you.
You shoot an arrow. The arrow barely misses the river rat.
The quokka closely misses you. The river rat closely misses you.
Eustachio closely misses you. You furiously retaliate!
You headbutt Eustachio.
The shadow imp hits you but does no damage.
The quokka misses you. You furiously retaliate!
You headbutt the quokka!
You kill the quokka!
The quokka's corpse disappears in a puff of smoke!
You shoot an arrow. The arrow barely misses Eustachio.
The river rat bites you. Eustachio hits you with a +0 falchion.
The shadow imp barely misses you. The river rat completely misses you.
Eustachio hits you with a +0 falchion.
You die...

.#.##...##.# #.#
...###.###.#####.#
#####...##.....#.######.
...#........#...)....
.#...######..........
#..######...#######. #.
......#...## #
#####....r.## ##..@5r.#
#.¤r@.....# #......#.#.#
...#...## .# #........
.. ....##..### . .....
.... ###.# ###. #


You could see Eustachio, a river rat (summoned), a shadow imp (summoned) and 2
quokkas.

Vanquished Creatures
  A hound (D:4)
  2 orc priests (D:4)
  Natasha (thrice) (D:3)
  4 adders
  4 worms
  2 dart slugs (D:3)
  5 orcs
  8 ball pythons
  4 endoplasms
  4 giant cockroaches
  3 goblins
  5 hobgoblins
  9 jackals
  3 quokkas (D:1)
  4 bats
  2 frilled lizards
  6 kobolds
  3 rats
72 creatures vanquished.

Notes
Turn   | Place    | Note
-------+----------+-------------------------------------------
     0 | D:1      | qw the Minotaur Hexslinger began the quest for the Orb.
     0 | D:1      | Reached XP level 1. HP: 16/16 MP: 1/1
     0 | D:1      | 0 ||| qw: Version: 0.3-a-52-g30416fa
     0 | D:1      | 0 ||| qw: Game counter: 7405
     0 | D:1      | 0 ||| qw: Melee chars always use a shield: true
     0 | D:1      | 0 ||| qw: God list: Okawaru
     0 | D:1      | 0 ||| qw: Allow faded altars: false
     0 | D:1      | 0 ||| qw: Do Orc after clearing Dungeon:15 true
     0 | D:1      | 0 ||| qw: Do second Lair branch before Depths: true
     0 | D:1      | 0 ||| qw: Lair rune preference: random
     0 | D:1      | 0 ||| qw: Goals: Normal
     0 | D:1      | 0 ||| PLANNING D:1-11
   144 | D:1      | Reached skill level 3 in Ranged Weapons
   157 | D:1      | Reached XP level 2. HP: 17/23 MP: 2/2
   533 | D:1      | 533 ||| DRINKING 2 metallic grey potions.
   534 | D:1      | 534 ||| DROPPING scroll of poison.
   570 | D:2      | 570 ||| STAIRDANCE
   575 | D:1      | Reached XP level 3. HP: 26/29 MP: 3/3
   712 | D:2      | Reached skill level 4 in Ranged Weapons
  1031 | D:2      | 1031 ||| UPGRADING to +0 ring mail.
  1041 | D:2      | 1041 ||| DROPPING +0 robe.
  1042 | D:2      | 1042 ||| READING 2 scrolls labelled GUFEDDOAKO.
  1043 | D:2      | 1043 ||| READING scroll labelled BYCIRR HYADOBEMAI.
  1044 | D:2      | 1044 ||| READING scroll labelled BEIFFU TOTETAR.
  1045 | D:2      | 1045 ||| DRINKING 2 bubbling sapphire potions.
  1046 | D:2      | 1046 ||| DROPPING scroll of summoning.
  1076 | D:3      | Noticed Natasha
  1078 | D:3      | 1078 ||| Stepping ~*~*~tactically~*~*~ (outnumbered).
  1095 | D:3      | HP: 5/29 [Natasha (6)]
  1096 | D:3      | 1096 ||| DRINKING potion of heal wounds.
  1099 | D:3      | Killed Natasha
  1100 | D:3      | Reached skill level 1 in Armour
  1100 | D:3      | Reached XP level 4. HP: 26/36 MP: 4/4
  1284 | D:3      | Noticed Natasha
  1288 | D:3      | Killed Natasha
  1506 | D:3      | Reached skill level 5 in Ranged Weapons
  1619 | D:3      | 1619 ||| READING scroll of brand weapon.
  1619 | D:3      | 1619 ||| BRANDING +1 sling of flaming.
  1730 | D:3      | Noticed Natasha
  1740 | D:3      | Killed Natasha
  1741 | D:3      | Reached XP level 5. HP: 32/44 MP: 5/5
  1877 | D:3      | Reached skill level 3 in Fighting
  2058 | D:3      | Found Mawnoez's Jewellery Shop.
  2067 | D:3      | 2067 ||| SHOPLISTING +6 ring of dexterity (432 gold, have
                  | 170).
  2067 | D:3      | 2067 ||| SHOPLISTING ring of fire (300 gold, have 170).
  2067 | D:3      | 2067 ||| SHOPLISTING ring of poison resistance (240 gold,
                  | have 170).
  2067 | D:3      | 2067 ||| SHOPLISTING ring of positive energy (240 gold,
                  | have 170).
  2067 | D:3      | 2067 ||| SHOPLISTING ring of protection from cold (300
                  | gold, have 170).
  2067 | D:3      | 2067 ||| SHOPLISTING ring of protection from fire (300
                  | gold, have 170).
  2067 | D:3      | 2067 ||| READING scroll labelled HOUCKURPHU WEBA.
  2068 | D:3      | 2068 ||| READING scroll labelled ULIRIO VAQYILOZOSI.
  2069 | D:3      | 2069 ||| READING scroll labelled HALYXUA QUAGA.
  2072 | D:3      | 2072 ||| DRINKING 2 grey potions.
  2104 | D:3      | 2104 ||| DROPPING potion of lignification.
  2262 | D:4      | 2262 ||| SWAPPING to +0 orcbow.
  2263 | D:4      | 2263 ||| DROPPING +2 sling of draining.
  2337 | D:4      | 2337 ||| Stepping ~*~*~tactically~*~*~ (outnumbered).
  2394 | D:4      | Reached skill level 6 in Ranged Weapons
  2419 | D:4      | Reached XP level 6. HP: 41/51 MP: 6/6
  2492 | D:4      | Noticed Eustachio
  2519 | D:4      | HP: 5/52 [Eustachio/+0 falchion (10)]
  2521 | D:4      | HP: 2/52 [river rat[Eustachio] (3)]
  2521 | D:4      | Slain by Eustachio

Levels and vault maps discovered:
D:1:      sevenhm_arrival_forest_fort_small_4, layout_rooms
D:2:      layout_rooms
D:3:      layout_loops_corners, serial_shops, nicolae_lakefront_shop,
          minmay_box_of_dots, uniq_natasha
D:4:      minmay_wonky_spiral, layout_loops_ring, uniq_eustachio

Skill      XL: |  1  2  3  4  5 |
---------------+----------------+-----
Ranged Weapons | 3 4 5 6 |  6.0
Fighting       | 2 3 |  3.6
Armour         | 1 |  1.8
Dodging        | |  2.1
Spellcasting   | |  1.0
Hexes          | |  2.0

Action                     |  1- 3 |  4- 6 || total
---------------------------+-------+-------++-------
   Fire: Sling             |   145 |    83 ||   228
         Orcbow            |       |    53 ||    53
    Use: Potion            |     3 |     1 ||     4
         Scroll            |     3 |     4 ||     7
 Armour: Robe              |     9 |       ||     9
         Ring mail         |     6 |    59 ||    65
  Dodge: Dodged            |    64 |    92 ||   156

Table legend:
 A = Non-vault XP
 B = Vault XP
 C = Vault XP percentage of total XP
 D = Non-vault monster count
 E = Vault monster count
 F = Vault count percentage of total count
                 A         B        C        D         E       F
            +---------+---------+-------+---------+---------+-------
      Total |     382 |      39 |   9.3 |      70 |       2 |   2.8
            +---------+---------+-------+---------+---------+-------
        D:1 |      39 |       0 |   0.0 |      23 |       0 |   0.0
        D:2 |      44 |       0 |   0.0 |      15 |       0 |   0.0
        D:3 |     118 |      39 |  24.8 |      19 |       2 |   9.5
        D:4 |     181 |       0 |   0.0 |      13 |       0 |   0.0
            +---------+---------+-------+---------+---------+-------
